 Dungeon Sprint DCSS version 0.19.1 (webtiles) character file.

1642 Groucho the Demonic Disaster (level 8, -3/60 HPs)
             Began as a Demonspawn Fighter on Dec 25, 2016.
             Was a Believer of Qazlal.
             Slain by a hill giant
             ... wielding a cursed -2 giant club
              (22 damage)
             ... in the Dungeon (Sprint IX: "|||||||||||||||||||||||||||||").
             The game lasted 00:02:40 (803 turns).

Groucho the Demonic Disaster (Demonspawn Fighter)    Turns: 803, Time: 00:02:41

Health: -3/60      AC: 16    Str: 22    XL:     8   Next: 67%
Magic:  3/18       EV:  4    Int: 10    God:    Qazlal [**....]
Gold:   0          SH: 13    Dex: 17    Spells: 0 memorised, 7 levels left

rFire  . . .     SeeInvis .     p - +1 broad axe (chop)
rCold  . . .     Gourm    .     r - +0 plate armour
rNeg   . . .     Faith    .     c - +0 shield
rPois  .         Spirit   .     (helmet restricted)
rElec  .         Reflect  .     (no cloak)
rCorr  .         Harm     .     a - +0 pair of gloves
MR     .....     NoTele   +     q - +0 pair of boots
Stlth  ..........               (no amulet)
                                s - +3 ring of dexterity
                                b - +3 ring of strength

@: exhausted, very slightly contaminated, hasted and slowed, invisible
A: antennae 1, thin skeletal structure 1, nightstalker 1, rot immunity
a: Upheaval, Renounce Religion


You were in the Dungeon.
You worshipped Qazlal.
Qazlal was pleased with you.
You were not hungry.

You visited 1 branch

Inventory:

Hand Weapons
 p - a +1 broad axe of chopping (weapon)
Armour
 a - a +0 pair of gloves (worn)
 c - a +0 shield (worn)
 q - a +0 pair of boots (worn)
 r - a +0 plate armour (worn)
Jewellery
 b - a +3 ring of strength (left hand)
 s - a +3 ring of dexterity (right hand)
Wands
 o - a wand of iceblast (7/15)
Scrolls
 k - a scroll of blinking
 m - 3 scrolls of remove curse
 n - 2 scrolls of amnesia
Potions
 d - a potion of might
 e - 4 potions of curing
 i - 3 potions of magic
Comestibles
 f - a bread ration


   Skills:
 - Level 4.1 Fighting
 * Level 11.3 Axes
 + Level 8.5 Armour
 - Level 3.7 Shields
 * Level 14.5 Invocations


You had 7 spell levels left.
You didn't know any spells.

Dungeon Overview and Level Annotations

Branches:
Dungeon (1/1)

Altars:
Cheibriados
Dithmenos
Elyvilon
Fedhas
Gozag
Hepliaklqana
Kikubaaqudgha
Makhleb
Nemelex Xobeh
Okawaru
Qazlal
Ru
Sif Muna
Trog
Uskayaw
Vehumet
Xom
Yredelemnul
Zin
The Shining One
Beogh
Jiyva
Lugonu


Innate Abilities, Weirdness & Mutations

You have a pair of small antennae on your head.
You have a somewhat thin skeletal structure. (Dex +2, Stealth)
You are slightly more attuned to the shadows.
You are immune to rotting.


Message History

You feel better. The troll bites you.
* * * LOW HITPOINT WARNING * * *
The troll barely misses you. x2
You are too injured to fight recklessly!
You are too injured to fight recklessly!
You are too injured to fight recklessly!
You are too injured to fight recklessly!
Unknown command.
You are too injured to fight recklessly!
You are too injured to fight recklessly!
Unknown command.
You catch the helpless troll completely off-guard!
You slash the troll!
You kill the troll!
Qazlal accepts your kill.
Unknown command.
You slash the hill giant!
The hill giant is moderately wounded.
The hill giant hits you with a giant club!!
You die...

▓|▓
▓)▓
▓.▓
▓.▓
▓[▓
▓.▓
▓.▓
▓)▓
▓@▓
▓C▓
▓s▓
▓.▓
▓.▓
▓.▓
▓'▓
▓G▓
▓T▓


You could see a hill giant and a scorpion.

Vanquished Creatures
  A hydra (D)
  An unseen horror (D)
  A troll (D)
  An eye of draining (D)
  A centaur (D)
  An iguana (D)
  2 worker ants (D)
  An adder (D)
  An adder zombie (D)
  A leopard gecko (D)
  An orc (D)
  A bat zombie (D)
  A giant cockroach (D)
  A hobgoblin (D)
  A quokka (D)
  3 bats (D)
  A kobold (D)
20 creatures vanquished.

Notes
Turn   | Place    | Note
-------+----------+-------------------------------------------
     0 | D        | Groucho the Demonspawn Fighter began the quest for the Orb.
     0 | D        | Reached XP level 1. HP: 18/18 MP: 1/1
    34 | D        | Noticed a worker ant
    41 | D        | Killed a worker ant
    41 | D        | Gained mutation: You are slightly more attuned to the shadows. [demonic ancestry]
    41 | D        | Reached XP level 2. HP: 16/25 MP: 2/2
    45 | D        | Reached XP level 3. HP: 18/30 MP: 3/3
   340 | D        | Found a roughly hewn altar of Beogh.
   340 | D        | Found a snail-covered altar of Cheibriados.
   340 | D        | Found a shadowy altar of Dithmenos.
   340 | D        | Found a white marble altar of Elyvilon.
   340 | D        | Found a blossoming altar of Fedhas.
   341 | D        | Found an opulent altar of Gozag.
   342 | D        | Found a hazy altar of Hepliaklqana.
   343 | D        | Found a viscous altar of Jiyva.
   344 | D        | Found an ancient bone altar of Kikubaaqudgha.
   345 | D        | Found a corrupted altar of Lugonu.
   346 | D        | Found a burning altar of Makhleb.
   347 | D        | Found a sparkling altar of Nemelex Xobeh.
   348 | D        | Found an iron altar of Okawaru.
   349 | D        | Found a stormy altar of Qazlal.
   350 | D        | Found a sacrificial altar of Ru.
   351 | D        | Found a deep blue altar of Sif Muna.
   352 | D        | Found a bloodstained altar of Trog.
   353 | D        | Found a hide-covered altar of Uskayaw.
   354 | D        | Found a radiant altar of Vehumet.
   355 | D        | Found a shimmering altar of Xom.
   358 | D        | Found a basalt altar of Yredelemnul.
   360 | D        | Became a worshipper of Qazlal Stormbringer
   362 | D        | Found a glowing silver altar of Zin.
   363 | D        | Found a glowing golden altar of the Shining One.
   416 | D        | Noticed a centaur
   418 | D        | Killed a centaur
   418 | D        | Reached skill level 5 in Axes
   418 | D        | Reached skill level 5 in Invocations
   418 | D        | Gained mutation: You are immune to rotting. [demonic ancestry]
   418 | D        | Reached XP level 4. HP: 37/37 MP: 3/7
   423 | D        | Reached * piety under Qazlal
   436 | D        | Reached skill level 6 in Invocations
   436 | D        | Reached XP level 5. HP: 32/42 MP: 5/9
   446 | D        | Reached ** piety under Qazlal
   446 | D        | Reached skill level 5 in Armour
   446 | D        | Reached skill level 7 in Invocations
   755 | D        | Noticed an eye of draining
   755 | D        | Noticed a troll
   755 | D        | Noticed a four-headed hydra
   755 | D        | Noticed a hill giant
   778 | D        | Killed an unseen horror
   778 | D        | Reached skill level 11 in Invocations
   778 | D        | Gained mutation: You have a somewhat thin skeletal structure. (Dex +2, Stealth) [demonic ancestry]
   778 | D        | Reached XP level 6. HP: 38/48 MP: 1/14
   778 | D        | Reached XP level 7. HP: 42/54 MP: 1/15
   787 | D        | Killed a five-headed hydra
   787 | D        | Reached skill level 10 in Axes
   787 | D        | Reached skill level 13 in Invocations
   787 | D        | Gained mutation: You have a pair of small antennae on your head. [demonic ancestry]
   787 | D        | Reached XP level 8. HP: 14/60 MP: 11/18
   793 | D        | Reached skill level 14 in Invocations
   802 | D        | Killed a troll
   803 | D        | Slain by a hill giant

Skill      XL: |  1  2  3  4  5  6  7  8 |
---------------+-------------------------+-----
Axes           | 3 5 6 9 10 11 | 11.3
Shields        | 3 |  3.7
Fighting       | 4 |  4.1
Armour         | 3 4 7 8 |  8.5
Invocations    | 5 6 11 13 14 | 14.5

Action                   |  1- 3 |  4- 6 |  7- 9 || total
-------------------------+-------+-------+-------++-------
Melee: War axe           |    45 |       |       ||    45
       Broad axe         |     2 |    44 |    11 ||    57
Invok: Upheaval          |       |     1 |     2 ||     3
  Use: Potion            |       |     2 |     6 ||     8
       Scroll            |       |       |     1 ||     1
 Stab: Invisible         |       |       |     1 ||     1
Armor: Scale mail        |    31 |       |       ||    31
       Plate armour      |     1 |    34 |    10 ||    45
Dodge: Dodged            |    14 |     6 |     5 ||    25
Block: Shield            |    16 |    31 |    11 ||    58
